 Dungeon Crawl Stone Soup version 0.28.0-53-g5a82cb258f (webtiles) character file.

Game seed: 4342760908844334003

168 Sin92 the Chopper (level 5, -9/47 HPs)
             Began as a Minotaur Fighter on June 9, 2022.
             Killed from afar by a steam dragon (24 damage)
             ... with a ball of steam
             ... on level 4 of the Dungeon.
             The game lasted 00:02:51 (2670 turns).

Sin92 the Chopper (Minotaur Fighter)                Turns: 2670, Time: 00:02:51

Health: -9/47      AC: 10    Str: 20    XL:     5   Next: 24%
Magic:  4/4        EV: 10    Int:  5    God:
Gold:   172        SH:  5    Dex: 12    Spells: 4/4 levels left

rFire   . . .      SeeInvis .   a - +0 war axe
rCold   . . .      Faith    .   c - +0 buckler
rNeg    . . .      Spirit   .   s - +4 ring mail of the Moon {rPois Slay+2}
rPois   +          Reflect  .   (helmet restricted)
rElec   .          Harm     .   (no cloak)
rCorr   .          Rampage  .   (no gloves)
Will    .....                   (no boots)
Stlth   +.........              (no amulet)
HPRegen 0.15/turn               (no ring)
MPRegen 0.09/turn               (no ring)

@: mighty
A: horns 2, retaliatory headbutt
a: no special abilities


You were on level 4 of the Dungeon.
You visited 1 branch of the dungeon, and saw 4 of its levels.

You collected 172 gold pieces.

Inventory:

Hand Weapons
 a - a +0 war axe (weapon)
Armour
 c - a +0 buckler (worn)
 h - a +0 chain mail
 s - the +4 ring mail of the Moon (worn) {rPois Slay+2}
   (You found it on level 4 of the Dungeon)

   Slay:      It affects your accuracy & damage with ranged weapons and melee
   (+2).
   rPois:     It protects you from poison.
Jewellery
 q - a +4 ring of evasion
Wands
 p - a wand of paralysis (1)
Scrolls
 b - a scroll of enchant armour {unknown}
 g - 2 scrolls of teleportation
 i - 2 scrolls of amnesia {unknown}
 j - 2 scrolls of blinking {unknown}
 k - a scroll of immolation {unknown}
 l - a scroll of summoning {unknown}
 n - a scroll of magic mapping {unknown}
 o - a scroll of identify {unknown}
Potions
 e - a potion of brilliance {unknown}
 f - 2 potions of heal wounds {unknown}
 m - 3 potions of curing {unknown}
 r - a potion of mutation {unknown}


   Skills:
 + Level 4.5 Fighting
 * Level 4.6 Axes
 + Level 4.5 Armour
 + Level 4.5 Shields


You had 4 spell levels left.
You didn't know any spells.
Your spell library was empty.

Dungeon Overview and Level Annotations

Branches:
Dungeon (4/15)
 Temple: D:4-7

Altars:
Elyvilon
Gozag
Trog
The Shining One

Shops:
D:2 *


Innate Abilities, Weirdness & Mutations

You have a pair of horns on your head.
You reflexively headbutt those who attack you in melee.


Message History

A jackal comes into view.
You block the gnoll's attack.
Unknown command.
There are monsters nearby!
You hit the gnoll. You headbutt the gnoll.
You kill the gnoll!
The gnoll throws a throwing net.
The throwing net hits you.
You become entangled in the net!
There are monsters nearby!
Unknown command.
You tear a large gash into the net.
A gnoll comes into view. It is wielding a +0 spear.
You struggle against the net.
A steam dragon comes into view.
The gnoll hits you but does no damage.
You shred the net and break free!
The steam dragon hisses angrily.
The gnoll hits you with a +0 club. The gnoll hits you with a +0 whip.
The gnoll shaman hits you with a +0 whip.
You feel very mighty all of a sudden. The gnoll hits you with a +0 whip.
The gnoll shaman calls upon its god to speed up the gnoll.
The gnoll seems to speed up.
The gnoll hits you from afar with a +0 spear.
You slice the gnoll!!
You kill the gnoll!
A scorpion comes into view.
The gnoll hits you from afar with a +0 spear.
The gnoll closely misses you. You furiously retaliate!
You headbutt the gnoll!
You kill the gnoll!
The steam dragon breathes steam at you.
The ball of steam hits the jackal!
The jackal dies!
The ball of steam hits you!
* * * LOW HITPOINT WARNING * * *
Unknown command.
The steam dragon breathes steam at you. The ball of steam hits you!!
Ouch! That really hurt!
You die...

#.. #.......# ....
#.......# #..##.......####
........g).....#
#.........!...
###.g.....#... ##D###### ..
######ยง######.# ....
#.....@.......# ....
#.......###########..#. .
#.......# #.........
..###......#######.........
...........###(...........(
...............###.........
.###..<..###### #.........
#.....# #....<.... #.....#
##########


You could see a steam dragon (catching breath) and 2 gnolls.

Vanquished Creatures
  Terence (D:2)
  An orc wizard (D:3)
  3 gnolls (D:4)
  An adder (D:3)
  2 worms (D:2)
  3 dart slugs
  5 orcs (D:3)
  6 ball pythons
  6 endoplasms
  3 giant cockroaches
  6 goblins
  6 hobgoblins
  2 jackals (D:3)
  4 kobolds
  2 quokkas
  3 bats (D:1)
  4 frilled lizards
  2 rats
  A spectral goblin (D:1)
61 creatures vanquished.

Vanquished Creatures (others)
  A jackal (D:4)
  A plant (D:2)
2 creatures vanquished.

Grand Total: 63 creatures vanquished

Notes
Turn   | Place    | Note
-------+----------+-------------------------------------------
     0 | D:1      | Sin92 the Minotaur Fighter began the quest for the Orb.
     0 | D:1      | Reached XP level 1. HP: 19/19 MP: 0/0
     2 | D:1      | Noticed a human
     2 | D:1      | Noticed a draconian
     4 | D:1      | Noticed a troll
     4 | D:1      | Noticed a naga
     6 | D:1      | Noticed an octopode
     8 | D:1      | Noticed a minotaur
     8 | D:1      | Noticed a vampire
    10 | D:1      | Noticed a formicid
    12 | D:1      | Noticed a demigod
    12 | D:1      | Noticed a demonspawn
    16 | D:1      | Noticed a felid
    16 | D:1      | Noticed a vine stalker
    18 | D:1      | Noticed a dwarf
    18 | D:1      | Noticed an ogre
    20 | D:1      | Noticed a merfolk
    20 | D:1      | Noticed a ghoul
    22 | D:1      | Noticed a gargoyle
    24 | D:1      | Noticed an elf
    24 | D:1      | Noticed a spriggan
    26 | D:1      | Noticed a tengu
   218 | D:1      | Reached XP level 2. HP: 19/27 MP: 1/1
   333 | D:1      | Found a faded altar of an unknown god.
   743 | D:1      | Reached XP level 3. HP: 31/33 MP: 2/2
  1416 | D:2      | Noticed Terence
  1420 | D:2      | Killed Terence
  1421 | D:2      | Reached XP level 4. HP: 23/40 MP: 3/3
  1598 | D:2      | Found Xown's Assorted Antiques.
  1737 | D:2      | Found a bloodstained altar of Trog.
  2056 | D:3      | Found an opulent altar of Gozag.
  2073 | D:3      | Found a glowing golden altar of the Shining One.
  2156 | D:3      | Found a white marble altar of Elyvilon.
  2434 | D:3      | Reached XP level 5. HP: 47/47 MP: 4/4
  2616 | D:4      | Identified the +4 ring mail of the Moon {rPois Slay+2}
  2659 | D:4      | Noticed a steam dragon
  2670 | D:4      | Killed from afar by a steam dragon

Illustrated notes

Levels and vault maps discovered:
D:1:      kb_arrival_jail, layout_basic,
          dreamdust_ecumenical_altar_drowned_temple, grunt_decor_one_mirror,
          st_stairs_8, minmay_splitting_lines, minmay_misc_feat_roman,
          minmay_tall_x
D:2:      cheibrodos_old_hovel, layout_loops_cross, basic_altar, serial_shops,
          shop, chequers_serial_rivers_micro_c, uniq_terence
D:3:      layout_loops_ring, mainiacjoe_overflow_boulevard,
          grunt_temple_overflow_open, lemuel_old_faithful
D:4:      layout_rooms, overflow_temple_1_default

Skill      XL: |  1  2  3  4 |
---------------+-------------+-----
Axes           | 3 4 |  4.6
Armour         | 4 |  4.5
Fighting       | 4 |  4.5
Shields        | 4 |  4.5

Action                   |  1- 3 |  4- 6 || total
-------------------------+-------+-------++-------
Melee: War axe           |    76 |    52 ||   128
       Headbutt          |    11 |     9 ||    20
  Use: Scroll            |     1 |       ||     1
       Potion            |       |     1 ||     1
Armor: Scale mail        |    19 |       ||    19
       Chain mail        |     5 |    27 ||    32
       Ring mail         |       |     3 ||     3
Dodge: Dodged            |    31 |    20 ||    51
Block: Buckler           |     8 |    14 ||    22
